 Seeded DCSS version 0.30.0-10-gfe55d96785 (webtiles) character file.

Game seed: 10090500252402427320 (custom seed)

49 GigaChad the Firebug (level 3, -10/17 HPs)
             Began as a Vine Stalker Fire Elementalist on May 15, 2023.
             Mangled by a mummy (17 damage)
             ... in an ossuary.
             The game lasted 00:04:41 (1834 turns).

GigaChad the Firebug (VSFE)                         Turns: 1834, Time: 00:04:42

Health: -10/17     AC:  2    Str: 10    XL:     3   Next: 75%
Magic:  0/8        EV: 11    Int: 17    God:
Gold:   142        SH:  6    Dex: 14    Spells: 6/7 levels left

rFire   . . .        d - +0 short sword
rCold   . . .        l - +3 buckler of Fun and Games {Rampage +Inv Regen+}
rNeg    . . .        a - +0 robe
rPois   .            (no helmet)
rElec   .            (no cloak)
rCorr   .            (no gloves)
SInv    .            (no boots)
Will    .....        (no amulet)
Stlth   ++           (no ring)
HPRegen 1.02/turn    (no ring)
MPRegen 0.11/turn

%: guardian spirit, rampage
@: marked
A: fangs 2, magic shield, antimagic bite, no potion heal 2
a: Evoke Invisibility


You were in an ossuary.
You visited 1 branch of the dungeon, and saw 4 of its levels.
You also visited: Ossuary.

You collected 142 gold pieces.

Inventory:

Hand Weapons
 d - a +0 short sword (weapon)
 h - a +3 vampiric lajatang
Armour
 a - a +0 robe (worn)
 l - the +3 buckler of Fun and Games (worn) {Rampage +Inv Regen+}
   (You acquired it on level 2 of the Dungeon)

   +Inv:      It lets you turn invisible.
   Regen:     It increases your rate of health regeneration.
   Rampage:   It bestows one free step when moving towards enemies.
Scrolls
 f - a scroll of fog {unknown}
 g - 3 scrolls of identify {unknown}
 k - 2 scrolls of teleportation {unknown}
Potions
 b - a potion of magic
 c - a potion of flight {unknown}
 e - 2 potions of brilliance {unknown}
 i - a potion of might {unknown}
 j - 2 potions of haste {unknown}
 m - a potion of heal wounds {unknown}
 n - a potion of mutation {unknown}


   Skills:
 * Level 0.4 Fighting
 * Level 0.1 Short Blades
 * Level 0.7 Armour
 + Level 1.6 Dodging
 * Level 2.5 Stealth
 * Level 0.1 Shields
 * Level 2.7 Spellcasting
 - Level 1.0 Conjurations
 * Level 3.7 Fire Magic


You had 6 spell levels left.
You knew the following spells:

 Your Spells              Type           Power      Damage    Failure   Level
a - Foxfire               Conj/Fire      40%        2x1d6     11%         1

Your spell library contained the following spells:

 Spells                   Type           Power      Damage    Failure   Level
 Scorch                   Fire           30%        2d6       9%          2
 Inner Flame              Hex/Fire       8%         N/A       36%         3
 Volatile Blastmotes      Fire/Tloc      16%        2d11      36%         3
 Ensorcelled Hibernation  Hex/Ice        4%         N/A       38%         2
 Spider Form              Tmut/Pois      2%         N/A       63%         3
 Flame Wave               Conj/Fire      10%        2d6       71%         4
 Anguish                  Hex/Necr       1%         N/A       95%         4


Dungeon Overview and Level Annotations

Branches:
Dungeon (4/15)            Ossuary (1/1)
 Temple: D:4-7

Altars:
Nemelex Xobeh

Annotations:
D:2 1 runed translucent door, Crazy Yiuf


Innate Abilities, Weirdness & Mutations

You have extremely sharp teeth.
When hurt, damage is shared between your health and your magic reserves.
Your bite disrupts and absorbs the magic of your enemies.
Potions cannot restore your health.


Message History

Ouch! That really hurt!
The mummy closely misses you.
You are too injured to fight recklessly!
You hit the mummy. You bite the mummy, but do no damage.
The mummy is almost destroyed.
The mummy closely misses you. The mummy hits you.
* * * LOW HITPOINT WARNING * * *
You are too injured to fight recklessly!
You barely miss the mummy.
The mummy is almost destroyed.
You are too injured to fight recklessly!
You hit the mummy.
You destroy the mummy!
You block the mummy's attack.
You are too injured to fight recklessly!
You hit the mummy. Your bite misses the mummy.
The mummy is moderately damaged.
The mummy hits you!
* * * LOW HITPOINT WARNING * * *
A mummy is nearby!
A mummy is nearby!
You hit the mummy.
The mummy is heavily damaged.
You hit the mummy but do no damage. You bite the mummy, but do no damage.
The mummy is heavily damaged.
The mummy misses you.
A mummy is nearby!
A mummy is nearby!
You barely miss the mummy.
The mummy is heavily damaged.
You hit the mummy. You bite the mummy, but do no damage.
The mummy is heavily damaged.
The mummy barely misses you.
A mummy is nearby!
You hit the mummy but do no damage. You bite the mummy. You drain its power.
You feel invigorated.
The mummy is heavily damaged.
The mummy hits you!!
Ouch! That really hurt!
You die...

##### !!. !.?
#.# ###+### #.#
##....^## ##.+
##.......###..#
#.........#..@+
+....⌠....'..M#
#.........#...+
##.......###..#
##.....## ##.+
###'### #.# #.#
#.# ##.## ...
#.∩.# !!!


You could see a mummy.

Vanquished Creatures
  2 mummies (Ossuary)
  A bat (D:1)
  2 giant cockroaches (D:2)
  4 goblins
  2 hobgoblins (D:1)
  3 quokkas
  2 ball pythons (D:2)
  2 frilled lizards (D:1)
  4 kobolds
  A rat (D:1)
23 creatures vanquished.

Vanquished Creatures (others)
  61 foxfires
61 creatures vanquished.

Grand Total: 84 creatures vanquished

Notes
Turn   | Place    | Note
-------+----------+-------------------------------------------
     0 | D:1      | GigaChad the Vine Stalker Fire Elementalist began the quest
                  | for the Orb.
     0 | D:1      | Reached XP level 1. HP: 9/9 MP: 4/4
   335 | D:1      | Reached XP level 2. HP: 6/13 MP: 1/6
  1007 | D:1      | Identified a scroll of acquirement
  1007 | D:1      | Acquired a +3 vampiric lajatang
  1052 | D:2      | Found a runed translucent door.
  1053 | D:2      | Noticed Crazy Yiuf
  1294 | D:2      | Found a sparkling altar of Nemelex Xobeh.
  1392 | D:2      | Acquired the +3 buckler of Fun and Games {Rampage +Inv
                  | Regen+}
  1644 | D:3      | You fall into a shaft and drop 1 floor!
  1656 | D:4      | Reached XP level 3. HP: 16/16 MP: 5/7
  1788 | D:4      | Found a sand-covered staircase.
  1796 | Ossuary  | Entered an ossuary
  1834 | Ossuary  | Mangled by a mummy

Illustrated notes

Levels and vault maps discovered:
D:1:      nzn_arrival_settlement, layout_loops_corners, serial_bayou_ford_a,
          nicolae_kite_square_tiling_tiny
D:2:      layout_basic, basic_altar, uniq_crazy_yiuf_cottage
D:3:      layout_basic, mainiacjoe_overflow_brackets, minmay_hedge_maze
D:4:      layout_basic, temple_hall, chequers_ossuary_entry_cave
Ossuary:  ossuary_crypta

Action                     || total
---------------------------++-------
  Melee: Short sword       ||    32
         Unarmed           ||     1
         Lajatang          ||     3
         Bite              ||     7
   Cast: Foxfire           ||    45
    Use: Scroll            ||     2
 Armour: Robe              ||     8
  Dodge: Dodged            ||    26
  Block: Buckler           ||     2
